AoeStats
← HELGE!!!!!!!!!!!

Fortress

509193213Analyzed
4v4 RM · 6d ago on Sep 25, 2026· 75m 13s· 8 players
Game mode
Random Map
Map size
Huge
Population
200
Speed
Normal
Resources
Standard
Victory
Conquest
Starting age
Dark Age
Ending age
Imperial Age
RankedLock teamsTeams togetherTeam positionsShared explorationLock speedFull tech treeHidden civsTurbo modeCheats
Victory
Defeat
🇸🇪 Persians · Sweden
1337
+15
🇸🇪 Goths · Sweden
1319
+15
🇸🇪 Malians · Sweden
1299
+16
🇸🇪 Italians · Sweden
1276
+17
🇺🇸 Magyars · United States
1380
-19
🇺🇸 Varangians · United States
1350
-18
🇦🇹 Teutons · Austria
1294
-15
1187
-11
[GG] Trollermeister
8:09 Feudal Age
11:52 Castle Age
9:41 Double-Bit Axe
9:38 Horse Collar
13:31 Bow Saw
14:02 Heavy Plow
15:47 Wheelbarrow
15:42 Town Watch
19:03 Loom
20:41 Forging
21:10 Bloodlines
24:25 Hand Cart
29:19 Imperial Age
28:02 Scale Barding Armor
29:12 Iron Casting
28:39 Husbandry
30:07 Chain Barding Armor
31:20 Blast Furnace
29:50 Elite Jarl
33:25 Plate Barding Armor
35:13 Fletching
35:44 Ballistics
35:33 Gold Mining
35:33 Stone Mining
35:49 Capped Ram
38:26 Two-Man Saw
36:55 Siege Ram
39:28 Guard Tower
40:38 Chemistry
40:21 Siege Engineers
40:26 Masonry
39:56 Treadmill Crane
40:12 Murder Holes
40:27 Fortified Wall
42:23 Bodkin Arrow
44:22 Caravan
44:32 Guilds
45:02 Bracer
52:45 Light Cavalry
58:53 Architecture
65:03 Hussar
66:07 Scale Mail Armor
65:36 Pikeman
67:19 Chain Mail Armor
67:31 Halberdier
70:27 Plate Mail Armor
69:59 Squires
70:38 Conscription
Jafarr
7:24 Feudal Age
11:17 Castle Age
9:07 Double-Bit Axe
9:09 Horse Collar
12:38 Bow Saw
14:53 Loom
15:53 Heavy Plow
20:56 Wheelbarrow
21:14 Gold Mining
24:03 Gold Shaft Mining
23:44 Hand Cart
27:00 Imperial Age
25:48 Bloodlines
25:39 Husbandry
25:46 Scale Barding Armor
26:51 Stone Mining
26:48 Town Watch
27:52 Chain Barding Armor
27:09 Cavalier
28:51 Fletching
29:01 Padded Archer Armor
29:00 Paladin
30:57 Plate Barding Armor
30:20 Elite Skirmisher
31:18 Leather Archer Armor
31:26 Ballistics
31:42 Conscription
31:56 Bodkin Arrow
32:52 Corvinian Army
33:58 Parthian Tactics
35:12 Crop Rotation
35:44 Two-Man Saw
37:22 Thumb Ring
37:59 Ring Archer Armor
37:29 Bracer
41:28 Caravan
41:17 Light Cavalry
51:25 Heavy Cavalry Archer
53:31 Chemistry
63:59 Recurve Bow
[GG] Fred_The_Bodyguard
6:34 Feudal Age
7:17 Double-Bit Axe
7:38 Horse Collar
11:40 Castle Age
13:57 Loom
14:57 Bow Saw
16:48 Heavy Plow
18:38 Wheelbarrow
20:22 Hand Cart
21:01 Fletching
25:35 Chemistry
27:38 Imperial Age
26:13 Coinage
26:25 Fortified Wall
28:19 Bodkin Arrow
29:09 Conscription
29:20 Scale Mail Armor
29:30 Forging
32:04 Chain Mail Armor
32:25 Iron Casting
31:50 Bracer
32:42 Banking
32:20 Houfnice
36:14 Squires
35:35 Pikeman
37:05 Halberdier
40:34 Plate Mail Armor
41:04 Blast Furnace
42:12 Caravan
43:15 Padded Archer Armor
45:29 Town Watch
45:56 Wagenburg Tactics
46:59 Leather Archer Armor
70:58 Elite Skirmisher
Dirty_Squirrel
8:51 Feudal Age
12:30 Castle Age
10:25 Loom
10:28 Double-Bit Axe
11:33 Horse Collar
12:29 Scale Mail Armor
14:26 Wheelbarrow
15:08 Town Watch
15:57 Bow Saw
18:37 Heavy Plow
19:40 Hand Cart
20:08 Chain Mail Armor
20:26 Pikeman
22:27 Forging
26:33 Squires
28:07 Gold Mining
28:08 Stone Mining
31:10 Imperial Age
31:41 Capped Ram
35:47 Halberdier
38:51 Plate Mail Armor
38:57 Iron Casting
38:13 Fletching
38:50 Conscription
39:00 Heavy Scorpion
44:07 Caravan
50:13 Two-Man Saw
52:06 Two-Man Saw
57:22 Elite Skirmisher
58:11 Bodkin Arrow
58:16 Padded Archer Armor
59:55 Leather Archer Armor
74:51 Ring Archer Armor
75:23 Blast Furnace
HELGE!!!!!!!!!!!
8:19 Feudal Age
11:54 Castle Age
9:50 Double-Bit Axe
10:36 Horse Collar
12:51 Bow Saw
26:01 Imperial Age
23:40 Gold Mining
24:15 Forging
24:11 Scale Barding Armor
24:34 Anarchy
25:26 Wheelbarrow
24:57 Squires
25:06 Scale Mail Armor
25:42 Iron Casting
25:38 Town Watch
26:12 Chain Mail Armor
26:09 Elite Huskarl
28:06 Blast Furnace
27:15 Perfusion
27:17 Stone Mining
28:35 Chemistry
28:09 Pikeman
29:00 Fletching
30:42 Halberdier
32:25 Heavy Plow
41:23 Bodkin Arrow
48:36 Elite Skirmisher
49:50 Ballistics
55:42 Bracer
55:43 Padded Archer Armor
61:46 Stone Mining
Kent-Agent
7:55 Feudal Age
6:27 Loom
8:10 Horse Collar
12:36 Castle Age
10:48 Double-Bit Axe
12:24 Wheelbarrow
15:06 Bow Saw
16:02 Scale Barding Armor
16:08 Forging
20:31 Gold Mining
20:37 Stone Mining
21:08 Heavy Plow
24:36 Bloodlines
24:27 Husbandry
24:39 Bloodlines
24:51 Chain Barding Armor
25:11 Iron Casting
30:09 Imperial Age
28:40 Hand Cart
29:49 Stone Shaft Mining
29:49 Gold Shaft Mining
29:57 Stone Shaft Mining
29:51 Cavalier
31:08 Plate Barding Armor
31:34 Blast Furnace
30:57 Conscription
32:20 Two-Man Saw
32:20 Savar
35:14 Town Watch
36:31 Fletching
43:31 Heavy Camel Rider
57:14 Caravan
66:49 Bodkin Arrow
68:01 Ballistics
68:41 Chemistry
Kaos1000
8:21 Feudal Age
11:27 Double-Bit Axe
11:24 Horse Collar
14:02 Castle Age
13:13 Fletching
13:25 Scale Mail Armor
13:35 Forging
13:59 Arson
15:46 Loom
17:53 Squires
19:11 Caravan
20:43 Town Watch
21:34 Wheelbarrow
25:35 Tigui
26:21 Bloodlines
26:36 Bow Saw
33:23 Imperial Age
34:15 Farimba
34:39 Conscription
34:38 Husbandry
34:01 Heavy Camel Rider
35:19 Heavy Plow
36:35 Scale Barding Armor
37:31 Crop Rotation
37:46 Iron Casting
37:37 Chain Barding Armor
39:41 Plate Barding Armor
43:56 Masonry
43:57 Fortified Wall
44:08 Ballistics
44:49 Chemistry
45:29 Elite Gbeto
47:28 Light Cavalry
48:33 Cavalier
71:04 Padded Archer Armor
71:00 Bodkin Arrow
71:38 Architecture
Tore Nuke
8:15 Feudal Age
12:18 Castle Age
10:26 Double-Bit Axe
11:47 Loom
13:08 Bow Saw
20:47 Wheelbarrow
19:56 Horse Collar
23:10 Hand Cart
23:50 Heavy Plow
24:54 Padded Archer Armor
24:45 Fletching
26:27 Ballistics
31:00 Imperial Age
28:44 Bodkin Arrow
29:29 Stone Mining
30:17 Thumb Ring
31:33 Stone Shaft Mining
34:07 Gold Mining
34:41 Elite Genoese Crossbowman
35:20 Light Cavalry
36:10 Bloodlines
36:01 Husbandry
37:08 Chemistry
36:26 Leather Archer Armor
37:35 Bracer
39:30 Ring Archer Armor
41:38 Caravan
42:02 Silk Road
42:07 Conscription
46:13 Forging
46:08 Scale Barding Armor
47:30 Hussar
49:05 Chain Barding Armor
49:20 Iron Casting
48:28 Treadmill Crane
50:29 Plate Barding Armor
64:19 Blast Furnace
67:53 Cavalier
70:42 Crop Rotation
Connection lost

Rejoining the realm…

Still unreachable

The connection could not be restored.

Session expired

The server has moved on; the page needs a fresh start.